 Dungeon Crawl Stone Soup version 0.22.0 (webtiles) character file.

114 MTVSty1e the Cudgeler (level 4, -5/28 HPs)
             Began as a Gargoyle Monk on Aug 10, 2018.
             Slain by a worm (7 damage)
             ... on level 2 of the Dungeon.
             The game lasted 00:02:54 (2076 turns).

MTVSty1e the Cudgeler (Gargoyle Monk)               Turns: 2076, Time: 00:02:55

Health: -5/28      AC:  8    Str: 19    XL:     4   Next: 98%
Magic:  4/4        EV: 11    Int: 12    God:
Gold:   87         SH:  0    Dex: 12    Spells: 3/3 levels left

rFire    + . .     SeeInvis .   a - +0 mace
rCold    . . .     Gourm    .   (no shield)
rNeg     + . .     Faith    .   k - +0 ring mail
rPois    ∞         Spirit   .   (no helmet)
rElec    +         Reflect  .   (no cloak)
rCorr    .         Harm     .   (no gloves)
MR       .....                  (no boots)
Stlth    +.........             (no amulet)
HPRegen  0.09/turn              m - +3 ring of strength
MPRegen  0.09/turn              (no ring)

@: no status effects
A: clever 1, fire resistance 1, negative energy resistance 1, electricity
resistance, unbreathing, petrification resistance, rot immunity, AC +3
a: no special abilities


You were on level 2 of the Dungeon.
You were not hungry.

You visited 1 branch of the dungeon, and saw 2 of its levels.

You collected 87 gold pieces.

Inventory:

Hand Weapons
 a - a +0 mace (weapon)
Armour
 d - a +0 leather armour
 k - a +0 ring mail (worn)
Jewellery
 m - a +3 ring of strength (left hand)
Scrolls
 b - a scroll of teleportation {unknown}
 e - 2 scrolls of amnesia {unknown}
 h - 4 scrolls of identify {unknown}
 i - 5 scrolls of remove curse {unknown}
Potions
 f - a potion of mutation
 g - a potion of curing {unknown}
 j - 2 potions of agility {unknown}
 l - a potion of magic {unknown}
Comestibles
 c - 3 rations


   Skills:
 - Level 3.2 Fighting
 + Level 5.5 Maces & Flails
 - Level 2.4 Dodging
 - Level 2.1 Stealth


You had 3 spell levels left.
You didn't know any spells.
Your spell library was empty.

Dungeon Overview and Level Annotations

Branches:
Dungeon (2/15)

Altars:
Nemelex Xobeh
Uskayaw


Innate Abilities, Weirdness & Mutations

You are resistant to torment.
Your stone body is resilient. (AC +3)
You are immune to poison.
You resist negative energy. (rN+)
You are resistant to electric shocks. (rElec)
You can survive without breathing.
You are immune to petrification.
You are immune to rotting.
Your mind is acute. (Int +2)
Your flesh is heat resistant. (rF+)


Message History

You hit the kobold.
The kobold is severely wounded.
The worm barely misses you. The kobold barely misses you.
You closely miss the kobold.
The kobold is severely wounded.
The worm bites you. The kobold hits you but does no damage.
The kobold throws a stone.
The stone hits you but does no damage.
You see here 3 stones.
The worm bites you!
* * * LOW HITPOINT WARNING * * *
The kobold completely misses you.
Things that are here:
a dagger; a goblin corpse; a jackal corpse You see here 3 stones.
You hit the worm.
The worm is moderately wounded.
It was a potion of mutation.
You feel extremely strange.
You feel resistant to heat.
You feel clever. The worm bites you!
You die...

##......#.)[)....>.....# #...
######....)##.........####..
#########....##..........###..
.w......#.#...#.......<.......
#).................#.....
#w#...###..........#.....
#...#..##.#####..###.....
#†.g###.##.######.# ######
....#.# #Kw@...).##. ....###.#
####(###$# #.>. ..# ... #..
.## #### #. .. .. ..


You could see a worm and a kobold.

Vanquished Creatures
  A centaur skeleton (D:2)
  2 oozes (D:2)
  3 worms (D:2)
  A dart slug (D:1)
  2 leopard geckos (D:2)
  2 orcs (D:2)
  5 giant cockroaches
  5 goblins
  5 hobgoblins
  15 jackals
  A quokka (D:2)
  3 bats
  4 frilled lizards
  5 kobolds
  3 rats
57 creatures vanquished.

Notes
Turn   | Place    | Note
-------+----------+-------------------------------------------
     0 | D:1      | MTVSty1e the Gargoyle Monk began the quest for the Orb.
     0 | D:1      | Reached XP level 1. HP: 14/14 MP: 1/1
   306 | D:1      | Reached XP level 2. HP: 18/19 MP: 2/2
   743 | D:1      | Reached skill level 4 in Maces & Flails
   947 | D:1      | Reached XP level 3. HP: 23/23 MP: 3/3
  1388 | D:2      | Reached XP level 4. HP: 21/28 MP: 4/4
  1513 | D:2      | Found a sparkling altar of Nemelex Xobeh.
  1561 | D:2      | Reached skill level 5 in Maces & Flails
  1980 | D:2      | Found a hide-covered altar of Uskayaw.
  2076 | D:2      | Gained mutation: Your flesh is heat resistant. (rF+) [potion of mutation]
  2076 | D:2      | Gained mutation: Your mind is acute. (Int +2) [potion of mutation]
  2076 | D:2      | Slain by a worm

Skill      XL: |  1  2  3  4 |
---------------+-------------+-----
Maces & Flails | 4 5 |  5.5
Fighting       | |  3.2
Dodging        | |  2.4
Stealth        | |  2.1

Action                   |  1- 3 |  4- 6 || total
-------------------------+-------+-------++-------
Melee: Mace              |    97 |   124 ||   221
  Use: Potion            |       |     1 ||     1
 Stab: Sleeping          |     1 |       ||     1
  Eat: Chunk             |     1 |       ||     1
       Ration            |       |     1 ||     1
Armor: Leather armour    |    24 |       ||    24
       Robe              |     1 |       ||     1
       Ring mail         |    24 |    65 ||    89
Dodge: Dodged            |    75 |   115 ||   190
